AoeStats
← Superhoops

Nomad

510822224Analyzed
4v4 RM · 18h ago on Oct 2, 2026· 45m 14s· 8 players
Game mode
Random Map
Map size
231×231
Population
200
Speed
Normal
Resources
Standard
Victory
Conquest
Starting age
Dark Age
Ending age
Imperial Age
RankedLock teamsTeams togetherTeam positionsShared explorationLock speedFull tech treeHidden civsTurbo modeCheats
Victory
Defeat
🇸🇪 Romans · Sweden
1293
+13
🇸🇪 Japanese · Sweden
1236
+15
🇸🇪 Varangians · Sweden
1234
+15
🇸🇪 Vietnamese · Sweden
1087
+21
🇮🇳 Dravidians · India
1260
-18
🇬🇧 Malians · United Kingdom
1212
-16
🇫🇷 Franks · France
1209
-16
🇹🇷 Celts · Türkiye
1158
-14
差不多先生
4:28 Loom
14:19 Feudal Age
18:30 Castle Age
27:53 Fletching
30:26 Bodkin Arrow
36:43 Scale Mail Armor
milaqet
6:07 Loom
16:05 Feudal Age
17:00 Town Watch
17:12 Double-Bit Axe
20:18 Castle Age
18:47 Horse Collar
21:47 Fletching
21:58 Heavy Plow
22:08 Bow Saw
37:30 Wheelbarrow
40:12 Imperial Age
38:19 Man-at-Arms
39:01 Scale Mail Armor
39:11 Forging
40:07 Scale Barding Armor
40:20 Chain Mail Armor
41:25 Iron Casting
40:20 Long Swordsman
40:48 Arson
41:05 Squires
40:27 Pikeman
42:18 Conscription
42:55 Plate Mail Armor
41:47 Two-Handed Swordsman
43:06 Champion
Scandinavian
3:25 Loom
13:08 Feudal Age
18:47 Castle Age
18:54 Light Cavalry
19:58 Forging
20:52 Horse Collar
27:13 Heavy Plow
29:20 Scale Barding Armor
29:10 Double-Bit Axe
30:36 Scale Mail Armor
35:03 Pikeman
36:35 Iron Casting
35:49 Arson
37:17 Chain Mail Armor
37:21 Bow Saw
37:38 Gambesons
39:31 Elite Skirmisher
40:03 Fletching
40:14 Padded Archer Armor
42:29 Wheelbarrow
Shini_gami
4:39 Loom
13:27 Feudal Age
14:18 Town Watch
14:34 Double-Bit Axe
17:54 Forging
19:19 Scale Barding Armor
19:50 Scale Mail Armor
22:29 Fishing Lines
25:41 Gold Mining
25:41 Stone Mining
32:57 Castle Age
31:44 Horse Collar
33:53 Medium Warships
35:11 Fletching
35:30 Padded Archer Armor
Grymmaklumpen22
4:55 Loom
13:53 Feudal Age
13:53 Man-at-Arms
17:20 Arson
25:32 Castle Age
24:27 Double-Bit Axe
25:52 Scale Barding Armor
31:05 Husbandry
32:33 Chain Barding Armor
johansoderstrom1
3:31 Loom
13:57 Feudal Age
18:35 Castle Age
17:22 Double-Bit Axe
25:31 Wheelbarrow
28:58 Bow Saw
28:12 Crossbowman
32:45 Fletching
36:58 Squires
41:10 Bodkin Arrow
Superhoops
4:58 Loom
14:47 Feudal Age
21:11 Castle Age
18:59 Double-Bit Axe
19:59 Fletching
22:14 Medium Warships
22:57 Bodkin Arrow
25:06 Wheelbarrow
27:56 Hand Cart
28:35 Stone Mining
28:35 Gold Mining
30:55 Padded Archer Armor
31:24 Ballistics
33:58 Leather Archer Armor
38:12 Stone Shaft Mining
39:52 Town Watch
45:06 Imperial Age
Peppe L-G
4:42 Loom
12:42 Feudal Age
13:08 Double-Bit Axe
14:21 Fishing Lines
15:14 Fletching
15:54 Town Watch
16:11 Horse Collar
17:15 Gold Mining
22:18 Castle Age
23:34 Wheelbarrow
23:23 Gillnets
23:46 Bow Saw
24:43 Hand Cart
27:11 Scale Barding Armor
27:17 Forging
27:34 Heavy Plow
28:32 Husbandry
28:53 Chain Barding Armor
29:18 Bloodlines
33:10 Imperial Age
32:00 Iron Casting
33:12 Cavalier
34:20 Conscription
34:49 Plate Barding Armor
35:58 Blast Furnace
39:56 Guilds
40:17 Coinage
42:57 Banking
Connection lost

Rejoining the realm…

Still unreachable

The connection could not be restored.

Session expired

The server has moved on; the page needs a fresh start.